 Dungeon Crawl Stone Soup version 0.26.1-2-gb8aa6d0cf2 (webtiles) character file.

Game seed: 9470657193168360636

88013 H0rd4k the Fencer (level 16, -14/123 (127) HPs)
             Began as a Human Artificer on Mar 11, 2021.
             Was an Initiate of Gozag.
             Demolished by a +3 morningstar of chaos (30 damage)
             ... on level 4 of the Lair of Beasts.
             The game lasted 01:04:46 (37104 turns).

H0rd4k the Fencer (Human Artificer)                Turns: 37104, Time: 01:04:48

HP:   -14/123 (127) AC: 18    Str: 15    XL:     16   Next: 39%
MP:   5/16          EV: 19    Int: 15    God:    Gozag
Gold: 2178          SH:  0    Dex: 18    Spells: 15/15 levels left

rFire    + + .     SeeInvis .   w - +4 triple sword (venom)
rCold    . . .     Faith    .   (shield currently unavailable)
rNeg     . . .     Spirit   .   Y - +3 leather armour {rF+}
rPois    .         Reflect  .   o - +2 helmet
rElec    .         Harm     .   W - +2 cloak {rF+}
rCorr    .         Rampage  .   H - +0 pair of fencer's gloves {Riposte Dex+3}
Will     +....                  N - +2 pair of boots {Fly}
Stlth    +++++.....             n - amulet of the acrobat
HPRegen  0.30/turn              s - ring of stealth
MPRegen  0.15/turn              F - +4 ring of slaying

@: about to teleport, gold aura, flying, slowed, studying Dodging, lightly
drained, very slow
A: no striking features
a: Stop Flying, Renounce Religion, Potion Petition, Call Merchant, Bribe Branch


You were on level 4 of the Lair of Beasts.
You worshipped Gozag.
Gozag was most pleased with you.
You visited 4 branches of the dungeon, and saw 21 of its levels.
You also visited: Volcano.

You collected 7921 gold pieces.
You spent 3525 gold pieces at shops.
You paid 2218 gold pieces to Gozag.

Inventory:

Hand Weapons
 f - a +4 dagger of draining
 h - the +9 staff of Olgreb {rPois∞}
   (You found it on level 5 of the Dungeon)

   It grants immunity to poison.
 w - a +4 triple sword of venom (weapon)
 z - a +2 great sword of flaming
 S - the +7 whip of the Thieving King {flame, Str+6}
   (You found it on level 4 of the Lair of Beasts)

   It has been specially enchanted to burn those struck by it, causing extra
   injury to most foes and up to half again as much damage against particularly
   susceptible opponents.
   It affects your strength (+6).
Missiles
 g - 4 datura-tipped darts (quivered)
Armour
 o - a +2 helmet (worn)
 H - the +0 pair of fencer's gloves (worn) {Riposte Dex+3}
   (You bought it in a shop on level 4 of the Dungeon)

   It affects your dexterity (+3).
 N - a +2 pair of boots of flying (worn)
 W - a +2 cloak of fire resistance (worn)
 Y - a +3 leather armour of fire resistance (worn)
Jewellery
 n - an amulet of the acrobat (around neck)
 s - a ring of stealth (left hand)
 y - an uncursed ring of fire
 A - a +4 ring of slaying
 F - a +4 ring of slaying (right hand)
 U - an uncursed ring of resist corrosion
Wands
 b - a wand of paralysis (6)
 c - a wand of flame (37)
 d - a wand of enslavement (27)
 E - a wand of digging (3)
 L - a wand of polymorph (15)
Scrolls
 e - a scroll of vulnerability {unknown}
 i - 3 scrolls of blinking
 j - a scroll of identify
 k - 6 scrolls of fog
 l - 10 scrolls of teleportation
 p - 2 scrolls of fear
 q - 3 scrolls of magic mapping
 r - 7 scrolls of remove curse
 u - a scroll of holy word
 C - 2 scrolls of amnesia
Potions
 a - 2 potions of cancellation
 m - 6 potions of curing
 t - a potion of berserk rage
 v - 8 potions of heal wounds
 B - a potion of magic
 K - 2 potions of might
 M - 4 potions of haste
 X - 2 potions of brilliance
 Z - 3 potions of resistance
Books
 x - a manual of Dodging


   Skills:
 + Level 12.2 Fighting
 + Level 6.9(13.7) Short Blades
 + Level 18.1(18.5) Long Blades
 + Level 6.6 Armour
 + Level 9.4 Dodging
 + Level 9.7 Stealth
 + Level 5.5 Evocations


You had 15 spell levels left.
You didn't know any spells.
Your spell library contained the following spells:

 Spells                   Type           Power        Failure   Level
 Beastly Appendage        Tmut           0%           32%         1
 Magic Dart               Conj           0%           32%         1
 Summon Small Mammal      Summ           0%           32%         1
 Call Imp                 Summ           0%           43%         2
 Searing Ray              Conj           0%           43%         2
 Wereblood                Tmut           0%           43%         2
 Call Canine Familiar     Summ           0%           67%         3
 Confusing Touch          Hex            0%           67%         3
 Dazzling Flash           Conj/Hex       0%           67%         3
 Gell's Gravitas          Tloc           0%           67%         3
 Spider Form              Tmut/Pois      0%           67%         3
 Summon Guardian Golem    Hex/Summ       0%           67%         3
 Fulminant Prism          Conj/Hex       0%           97%         4
 Ice Form                 Ice/Tmut       0%           97%         4
 Iskenderun's Mystic Bla  Conj/Tloc      0%           97%         4
 Petrify                  Tmut/Erth      0%           97%         4
 Summon Ice Beast         Ice/Summ       0%           97%         4
 Summon Lightning Spire   Summ/Air       0%           97%         4
 Blade Hands              Tmut           0%           100%        5
 Metabolic Englaciation   Hex/Ice        0%           100%        5
 Yara's Violent Unravell  Hex/Tmut       0%           100%        5


Dungeon Overview and Level Annotations

Branches:
Dungeon (12/15)            Temple (1/1) D:4            Lair (6/6) D:11
 Shoals (0/4) Lair:3       Spider (0/4) Lair:3        Slime (0/5) Lair:6
    Orc (2/2) D:10            Elf (0/3) Orc:2       Volcano (visited)

Altars:
Ashenzari
Cheibriados
Dithmenos
Elyvilon
Fedhas
Gozag
Hepliaklqana
Kikubaaqudgha
Makhleb
Nemelex Xobeh
Okawaru
Qazlal
Ru
Sif Muna
Trog
Uskayaw
Vehumet
Wu Jian
Xom
Yredelemnul
Zin
The Shining One
Beogh
Jiyva

Shops:
D:4 [   D:7 *   D:12 (   Orc:2 *}:?   Lair:1 }*(

Annotations:
D:8 exclusion: downstairs
D:9 exclusions: ice statue and 1 more exclusion
D:11 exclusions: 2 downstairs and 1 more exclusion
Lair:2 exclusions: boulder beetle and downstairs
Lair:3 exclusion: oklob plant
Orc:1 exclusion: downstairs


Message History

* * * LOW HITPOINT WARNING * * *
You feel yourself slow down.
You barely miss the +3 morningstar of chaos.
The +3 morningstar of chaos is moderately damaged.
The +3 morningstar of chaos hits you but does no damage.
You feel drained.
You closely miss the +3 morningstar of chaos.
The +3 morningstar of chaos is moderately damaged.
The +3 morningstar of chaos hits you but does no damage.
The +3 morningstar of chaos hits you!
* * * LOW HITPOINT WARNING * * *
Unknown command.
As you read the scroll of teleportation, it crumbles to dust.
You feel strangely unstable. The +3 morningstar of chaos hits you!
* * * LOW HITPOINT WARNING * * *
You feel drained.
* * * LOW HITPOINT WARNING * * *
The +3 morningstar of chaos hits you!!
You die...
Your body crumbles into a pile of gold.

##......<.P........##
##......
#....P####.......##
#.>...#. ##....#
#.........## #......#
##..### #..........#
#.....## ##....#
#).........# ##......#
#....## ##........##
#........ ##....#
#P.......# #......##
##..### ###..#####
##.....## #...P#
#..@#!## #......###
#...## ##..(_.#
#......##. ##...#
#...#.#####......#..
#P..##
##..###.............
##...##
#####.#............#
#P....#
#.##.............###
#....##
###.................#
##....#
##...................#
#...###
#...<...............##


You could see a +3 morningstar of chaos.

Vanquished Creatures
  Gastronok (Orc:1)
  A fire giant (D:11)
  A frost giant (D:11)
  The ghost of ruda the Severer, a journeyman MiFi of Trog (Lair:4)
  Snorg (Orc:2)
  Josephine (Orc:1)
  4 hydras
  A boulder beetle (Lair:3)
  11 two-headed ogres
  2 ogre magi (Orc:2)
  7 death yaks
  The ghost of Paulthewizard the Transmogrifier, a novice MfVM of Sif Muna (D:8)
  2 unseen horrors
  2 deep trolls (Orc:2)
  A lindwurm (Lair:4)
  2 orc knights
  An oklob plant (Lair:5)
  A necromancer (Lair:6)
  An ugly thing (D:12)
  An orc sorcerer (Orc:2)
  4 cyclopes
  2 manticores (D:12)
  24 elephants
  A salamander (Volcano)
  8 black mambas
  A centaur zombie (D:12)
  Psyche (D:8)
  22 cane toads
  A torpor snail (Lair:1)
  3 rime drakes
  A kobold demonologist (D:12)
  15 komodo dragons
  2 polar bears
  8 trolls
  3 tyrant leeches (Lair:6)
  2 slime creatures (D:12)
  A snapping turtle (Lair:3)
  23 blink frogs
  11 orc warriors
  3 wraiths (Orc:1)
  65 yaks
  6 wyverns
  3 basilisks
  3 fire bats
  6 vampire mosquitoes (Lair:6)
  5 soldier ants
  18 water moccasins
  2 hell hounds (Volcano)
  3 sky beasts
  A hornet zombie (D:8)
  A swamp drake (D:11)
  5 ice beasts
  3 black bears
  A necrophage (D:9)
  13 wolves
  8 centaurs
  An eye of draining (D:12)
  28 ogres
  The ghost of gnacko the Chiller, an amateur DrIE (D:3)
  2 big kobolds
  28 bullfrogs
  A wyvern skeleton (D:11)
  2 scorpions
  8 killer bees (D:5)
  6 wights
  A howler monkey (D:11)
  4 electric eels
  2 quasits
  5 hounds
  9 orc priests
  4 bullfrog zombies
  8 jellies
  A bullfrog skeleton (D:11)
  3 centaur skeletons
  14 orc wizards
  3 iguanas
  9 hell rats (Lair:1)
  6 worker ants
  2 polar bear simulacra (Lair:6)
  4 wolf simulacra (Lair:6)
  A killer bee zombie (D:5)
  4 yak simulacra (Lair:6)
  A howler monkey zombie (D:8)
  14 adders
  A howler monkey skeleton (D:9)
  14 river rats (Lair:1)
  4 shadow imps
  6 white imps
  An ufetubus (D:9)
  12 oozes
  2 adder skeletons
  A worm (Lair:3)
  4 dart slugs
  7 leopard geckos
  56 orcs
  8 giant cockroaches
  9 goblins
  6 hobgoblins
  17 jackals
  10 quokkas
  13 bats
  8 frilled lizards
  A jackal simulacrum (D:8)
  14 kobolds
  A quokka simulacrum (D:8)
  A quokka zombie (D:5)
  14 rats
  A river rat simulacrum (Lair:6)
705 creatures vanquished.

Vanquished Creatures (collateral kills)
  A salamander (Volcano)
  An orc wizard (D:7)
  8 orcs (D:7)
10 creatures vanquished.

Vanquished Creatures (others)
  A two-headed ogre (Volcano)
  An orc warrior (D:7)
  A centaur (Volcano)
  6 bushes (Lair:6)
  73 fungi
  162 plants
244 creatures vanquished.

Grand Total: 959 creatures vanquished

Notes
Turn   | Place    | Note
-------+----------+-------------------------------------------
     0 | D:1      | H0rd4k the Human Artificer began the quest for the Orb.
     0 | D:1      | Reached XP level 1. HP: 15/15 MP: 1/1
    80 | D:1      | Reached XP level 2. HP: 18/21 MP: 2/2
   381 | D:1      | Reached XP level 3. HP: 14/26 MP: 3/3
  1535 | D:2      | Reached XP level 4. HP: 29/32 MP: 4/4
  1701 | D:2      | Reached skill level 1 in Short Blades
  2188 | D:3      | Found a runed translucent door.
  2188 | D:3      | Noticed gnacko's ghost (amateur DrIE)
  2564 | D:3      | Reached XP level 5. HP: 20/38 MP: 5/5
  3342 | D:4      | Reached XP level 6. HP: 44/44 MP: 6/6
  3626 | D:4      | Found Gaom's Armour Shoppe.
  3691 | D:4      | Found a staircase to the Ecumenical Temple.
  3700 | Temple   | Entered the Ecumenical Temple
  3958 | D:5      | Entered Level 5 of the Dungeon
  3960 | D:5      | Found an opulent altar of Gozag.
  3978 | D:5      | Became a worshipper of Gozag Ym Sagoz the Greedy
  4097 | D:5      | Reached skill level 1 in Long Blades
  4320 | D:5      | Noticed an ogre
  4335 | D:5      | Killed an ogre
  4336 | D:5      | Reached XP level 7. HP: 51/51 MP: 7/7
  4466 | D:5      | Found the +9 staff of Olgreb {rPois∞}
  4486 | D:5      | Found a runed translucent door.
  4497 | D:5      | Found a runed translucent gate.
  4497 | D:5      | Found a runed translucent gate.
  4497 | D:5      | Noticed a water moccasin
  4498 | D:5      | Found a runed translucent door.
  4569 | D:5      | Found a runed translucent gate.
  4570 | D:5      | Noticed a soldier ant
  4570 | D:5      | Noticed a soldier ant
  4570 | D:5      | Noticed a soldier ant
  4571 | D:5      | Noticed a soldier ant
  6169 | D:6      | Reached XP level 8. HP: 39/57 MP: 8/8
  6482 | D:6      | Found a sparkling altar of Nemelex Xobeh.
  7732 | D:7      | Killed an orc warrior
  7733 | D:7      | Reached skill level 5 in Short Blades
  7863 | D:7      | Found Yckuylod's Assorted Antiques.
  7892 | D:7      | Reached skill level 5 in Stealth
  8536 | D:7      | Reached XP level 9. HP: 55/64 MP: 9/9
  9117 | D:8      | Found a sacrificial altar of Ru.
  9123 | D:8      | Noticed Psyche
  9135 | D:8      | Killed Psyche
  9192 | D:8      | Found a blossoming altar of Fedhas.
  9995 | D:8      | Reached skill level 5 in Dodging
 10464 | D:8      | Found a viscous altar of Jiyva.
 10503 | D:8      | Found a runed translucent gate.
 10503 | D:8      | Found a runed translucent gate.
 10506 | D:8      | Found a runed translucent gate.
 10533 | D:8      | Noticed Paulthewizard's ghost (novice MfVM)
 10820 | D:9      | Noticed an ice statue
 10993 | D:4      | Bought the +0 pair of fencer's gloves {Riposte Dex+3} for
                  | 480 gold pieces
 10993 | D:4      | Found the +0 pair of fencer's gloves {Riposte Dex+3}
 11522 | D:9      | Reached skill level 2 in Long Blades
 11522 | D:9      | Reached XP level 10. HP: 54/73 MP: 10/10
 12091 | D:9      | Reached skill level 5 in Fighting
 12091 | D:9      | Reached skill level 3 in Long Blades
 12323 | D:10     | Entered Level 10 of the Dungeon
 12400 | D:10     | Reached skill level 4 in Long Blades
 13038 | D:10     | Found a staircase to the Orcish Mines.
 13778 | D:11     | Noticed a four-headed hydra
 13807 | D:10     | Reached skill level 5 in Long Blades
 13896 | D:11     | Found a runed translucent door.
 14356 | D:11     | Noticed a cyclops
 14359 | D:11     | Killed a cyclops
 14541 | D:11     | Reached skill level 6 in Long Blades
 14991 | D:11     | Noticed a five-headed hydra
 15249 | D:11     | Reached XP level 11. HP: 83/83 MP: 11/11
 15267 | D:11     | Reached skill level 7 in Long Blades
 15481 | D:11     | Found a staircase to the Lair.
 15722 | Lair:1   | Entered Level 1 of the Lair of Beasts
 15745 | Lair:1   | Found a dark tunnel.
 15761 | Lair:1   | Bought a wand of acid (11) for 300 gold pieces
 15794 | Volcano  | Entered a volcano
 16007 | Volcano  | Noticed a salamander
 16021 | Volcano  | Killed a salamander
 16022 | Volcano  | Reached skill level 8 in Long Blades
 16408 | Volcano  | Noticed a two-headed ogre
 16415 | Volcano  | Noticed a salamander
 16444 | Volcano  | Killed a salamander
 16751 | Lair:1   | Noticed a death yak
 16752 | Lair:1   | Noticed a death yak
 16780 | Lair:1   | Killed a death yak
 17095 | D:12     | Noticed a two-headed ogre
 17161 | D:12     | Noticed a manticore
 17170 | D:12     | Killed a manticore
 17310 | D:12     | Reached skill level 9 in Long Blades
 17451 | D:12     | Killed a four-headed hydra
 17452 | D:12     | Reached skill level 5 in Armour
 17452 | D:12     | Reached skill level 5 in Evocations
 17465 | D:12     | Noticed a green ugly thing
 17470 | D:12     | Noticed a cyclops
 17479 | D:12     | Killed a green ugly thing
 17789 | D:11     | Noticed a frost giant
 17877 | D:12     | Reached XP level 12. HP: 90/91 MP: 12/12
 18060 | D:12     | Killed a two-headed ogre
 18061 | D:12     | Reached skill level 10 in Long Blades
 18384 | D:12     | Noticed a two-headed ogre
 18392 | D:12     | Killed a two-headed ogre
 18447 | D:12     | Found Raqi's Weapon Shoppe.
 18493 | D:12     | Noticed a two-headed ogre
 18512 | D:12     | Killed a two-headed ogre
 18674 | D:12     | Killed an unseen horror
 18675 | D:12     | Reached skill level 11 in Long Blades
 18869 | D:12     | Noticed a boulder beetle
 19156 | D:11     | Killed an unseen horror
 19554 | D:11     | Noticed a fire giant
 20205 | Lair:1   | Killed a death yak
 20207 | Lair:1   | Reached XP level 13. HP: 73/99 MP: 13/13
 20209 | Lair:1   | Reached skill level 12 in Long Blades
 21654 | Lair:2   | Reached skill level 13 in Long Blades
 22605 | Lair:2   | Noticed a boulder beetle
 22946 | Lair:1   | Bought a scroll labelled DITIC NAG GYPSYGGY for 42 gold
                  | pieces
 22946 | Lair:1   | Bought a scroll labelled ZOGIOM IKHUTASS for 42 gold pieces
 22946 | Lair:1   | Bought a scroll labelled ESOREO XOLU for 42 gold pieces
 22948 | Lair:1   | Bought a pair of glowing boots for 315 gold pieces
 23663 | Lair:3   | Found a staircase to the Shoals.
 23783 | Lair:3   | Found a hole to the Spider Nest.
 23784 | Lair:3   | Noticed a boulder beetle
 23804 | Lair:3   | Killed a boulder beetle
 24260 | Lair:3   | Reached skill level 10 in Fighting
 24798 | Lair:4   | Noticed a five-headed hydra
 24815 | Lair:4   | Killed a two-headed hydra
 25005 | Lair:4   | Reached XP level 14. HP: 70/110 MP: 14/14
 25236 | Lair:4   | Reached skill level 14 in Long Blades
 25531 | Lair:4   | Got a twisted whip
 25842 | Lair:4   | Found a runed translucent door.
 25842 | Lair:4   | Found a shimmering altar of Xom.
 25842 | Lair:4   | Noticed ruda's ghost (journeyman MiFi)
 26409 | Lair:5   | Identified the +7 whip of the Thieving King {flame, Str+6}
                  | (You found it on level 4 of the Lair of Beasts)
 27109 | Lair:5   | Reached skill level 15 in Long Blades
 28376 | Lair:1   | Bought an iridescent hand axe for 224 gold pieces
 28378 | Lair:1   | Identified the +5 hand axe of Mapikog {vorpal, rC+ Int+5}
                  | (You bought it in a shop on level 1 of the Lair of Beasts)
 28508 | Lair:6   | Entered Level 6 of the Lair of Beasts
 29047 | Lair:6   | Reached XP level 15. HP: 61/117 MP: 15/15
 29491 | Lair:6   | Reached skill level 16 in Long Blades
 30497 | Lair:6   | Got a masterwork cloak
 30953 | Lair:6   | Found a staircase to the Slime Pits.
 31744 | Lair:6   | Identified the +0 cloak of Hide-and-Seek {-Cast Rampage
                  | +Fly Str-2 Int+5} (You found it on level 6 of the Lair of
                  | Beasts)
 31997 | Orc:1    | Entered Level 1 of the Orcish Mines
 31997 | Orc:1    | Found a roughly hewn altar of Beogh.
 32143 | Orc:1    | Noticed Josephine
 32324 | Orc:1    | Killed Josephine
 32332 | Orc:1    | Reached skill level 17 in Long Blades
 32336 | Orc:1    | Noticed Gastronok
 32354 | Orc:1    | Killed Gastronok
 32875 | Orc:2    | Entered Level 2 of the Orcish Mines
 32954 | Orc:2    | Found a staircase to the Elven Halls.
 33080 | Orc:2    | Found Owisudghuale's Book Boutique.
 33872 | Orc:2    | Reached XP level 16. HP: 116/127 MP: 16/16
 33931 | Orc:2    | Found Soajuabu's Assorted Antiques.
 34005 | Orc:2    | Found Huetyih's Magic Scroll Shop.
 34006 | Orc:2    | Found Zyuxexki's Gadget Boutique.
 34077 | Orc:2    | Bought a scroll labelled VYZXEXZIXALL for 23 gold pieces
 34077 | Orc:2    | Bought a coppery potion for 20 gold pieces
 34077 | Orc:2    | Bought a scroll labelled WIUXAIPITS for 23 gold pieces
 34077 | Orc:2    | Bought a twisted silver ring for 115 gold pieces
 34077 | Orc:2    | Bought a scroll labelled SOESHR WINLAE for 23 gold pieces
 34082 | Orc:2    | Bought a manual of Dodging for 1876 gold pieces
 34389 | Orc:2    | Noticed Snorg
 34397 | Orc:2    | Killed Snorg
 35167 | D:3      | Killed gnacko's ghost
 35748 | D:8      | Killed Paulthewizard's ghost
 36007 | D:11     | Killed a fire giant
 36282 | D:11     | Reached skill level 18 in Long Blades
 36282 | D:11     | Killed a frost giant
 37099 | Lair:4   | Killed ruda's ghost
 37104 | Lair:4   | Demolished by a +3 morningstar of chaos

Illustrated notes

Levels and vault maps discovered:
D:1:      lightli_arrival_flooded_house, layout_basic
D:2:      layout_loops_cross
D:3:      layout_loops_corners, hellmonk_ghost_happy_afterlife
D:4:      layout_basic, lemuel_temple_firewalk_b, serial_shops, shop,
          hangedman_decor_points
D:5:      layout_loops_ring, nicolae_overflow_crystal_walls, serial_aquarium,
          aquarium_bridge_long_joined [aquarium_subvault_window,
          aquarium_subvault_bridge, aquarium_subvault_bridge,
          aquarium_subvault_window, aquarium_subvault_wall,
          aquarium_subvault_window], aquarium_window_corner,
          aquarium_window_corridor_1, aquarium_view_2c, aquarium_balcony_5b,
          aquarium_pool_2, minmay_holes, minmay_guarded_unrand_staff_of_olgreb
D:6:      layout_basic, serial_rivers, chequers_serial_rivers_room_a,
          chequers_serial_rivers_small_a, chequers_serial_rivers_micro_b,
          chequers_serial_rivers_small_a, chequers_serial_rivers_small_b,
          chequers_serial_rivers_micro_a, nemelex_dance_club_becter
D:7:      layout_layer_cave, serial_shops, shop, minivault_24
D:8:      layout_basic, marbit_many_paths, basic_altar, gammafunk_ghost_icy,
          serial_aquarium, aquarium_bridge_long_separate
          [aquarium_subvault_bridge, aquarium_subvault_balcony,
          aquarium_subvault_bridge, aquarium_subvault_window,
          aquarium_subvault_bridge, aquarium_subvault_bridge],
          aquarium_bridge_square [aquarium_subvault_window,
          aquarium_subvault_wall, aquarium_subvault_wall,
          aquarium_subvault_bridge], aquarium_window_2, aquarium_window_corner,
          aquarium_window_2, aquarium_view_2c, aquarium_pool_2,
          hangedman_little_slice_of_home, uniq_psyche
D:9:      layout_roguey, minivault_16, minmay_checkerbox
D:10:     layout_layer_cave, orc_0_dummy
D:11:     layout_cave_pools, erik_lair_dragon, lightli_airlock
D:12:     layout_basic, serial_shops, shop
Temple:   regret_index_temple_chain_breaker
Lair:1:   lemuel_ratsnest, layout_gridlike, lightli_volcano_entry_magma_tube,
          st_stairs_3, chequers_serial_rivers_room_a, beast_lair_carwin_5,
          serial_bayou_shore_b
Lair:2:   layout_regular_city, grunt_megastairs_1
Lair:3:   layout_misc_corridors, minmay_shoals_entry_hut,
          nicolae_spider_entry_non_spiders, minmay_lair_oklob_chamber,
          grunt_megastairs_4
Lair:4:   layout_cave_pods, ebering_ghost_xom
Lair:5:   beast_lair_carwin_large_1, layout_loops_ring
Lair:6:   minmay_lair_end_frog_pond, layout_long_grid,
          nicolae_slime_entry_slimehenge, serial_forest,
          infiniplex_forest_lined_corner, infiniplex_forest_end_2,
          infiniplex_forest_lined_2, infiniplex_forest_straight_3,
          infiniplex_forest_end_1, infiniplex_forest_lined_3,
          infiniplex_forest_clump_curved, eino_house_with_fridge
Orc:1:    layout_diamond_mine, basic_altar, uniq_gastronok, uniq_josephine,
          uniq_maurice
Orc:2:    st_orc_open, layout_caves, uniq_snorg

Skill      XL: |  1  2  3  4  5  6  7  8  9 10 11 12 13 14 15 16 |
---------------+-------------------------------------------------+-----
Short Blades   | 2 3 4 5 6 |  6.9
Fighting       | 2 3 4 6 7 8 10 11 12 | 12.2
Dodging        | 2 3 4 5 6 7 8 9 |  9.4
Stealth        | 2 3 5 6 7 8 9 |  9.7
Long Blades    | 1 2 6 9 11 13 15 17 18 | 18.1
Armour         | 3 4 5 6 |  6.6
Evocations     | 4 5 |  5.5

Action                   |  1- 3 |  4- 6 |  7- 9 | 10-12 | 13-15 | 16-18 || total
-------------------------+-------+-------+-------+-------+-------+-------++-------
Melee: Club              |    33 |       |       |       |       |       ||    33
       Dagger            |    59 |   114 |   378 |       |     5 |       ||   556
       Falchion          |       |     3 |       |       |       |       ||     3
       Long sword        |       |       |    30 |   257 |       |       ||   287
       Triple sword      |       |       |       |   106 |   738 |   157 ||  1001
       Whip              |       |       |       |       |       |     3 ||     3
Invok: Call Merchant     |       |       |       |     1 |     2 |       ||     3
Evoke: Wand              |       |       |    10 |    28 |     5 |     5 ||    48
  Use: Scroll            |       |     9 |     1 |    13 |    16 |     5 ||    44
       Potion            |       |       |       |     6 |       |     2 ||     8
 Stab: Sleeping          |     1 |     7 |     8 |     7 |    13 |       ||    36
       Distracted        |       |       |       |     6 |    17 |     3 ||    26
       Confused          |       |       |       |     2 |       |       ||     2
Armor: Leather armour    |    25 |    21 |    30 |    88 |   190 |    52 ||   406
       Robe              |       |       |    29 |    40 |       |       ||    69
Dodge: Dodged            |    54 |    71 |   240 |   261 |   624 |   143 ||  1393
       Rpst.: Falchion   |       |     1 |       |       |       |       ||     1
       Long sword        |       |       |    19 |    94 |       |       ||   113
       Triple sword      |       |       |       |    36 |   360 |    67 ||   463
       Whip              |       |       |       |       |       |     1 ||     1
